 Dungeon Crawl Stone Soup version 0.30-a0-219-gf2db51d15e (webtiles) character file.

Game seed: 9439721558377514412

7 KennySheep the Ruffian (level 2, 0/25 HPs)
             Began as a Naga Transmuter on Oct 8, 2022.
             Was a Follower of Kikubaaqudgha.
             Slain by a kobold
             ... wielding a +0 short sword
              (3 damage)
             ... on level 1 of the Dungeon.
             The game lasted 00:00:38 (118 turns).

KennySheep the Ruffian (Naga Transmuter)             Turns: 118, Time: 00:00:39

Health: 0/25       AC:  1    Str: 12    XL:     2   Next: 4%
Magic:  5/5        EV:  9    Int: 13    God:    Kikubaaqudgha [*.....]
Gold:   0          SH:  0    Dex: 11    Spells: 4/5 levels left

rFire   . . .      SeeInvis +      - Unarmed
rCold   . . .      Faith    .    (no shield)
rNeg    . . .      Spirit   .    a - +0 robe
rPois   +          Reflect  .    (no helmet)
rElec   .          Harm     .    (no cloak)
rCorr   .          Rampage  .    (no gloves)
Will    .....                    (no barding)
Stlth   +.........               (no amulet)
HPRegen 0.24/turn                (no ring)
MPRegen 0.09/turn                (no ring)

@: very slow
A: AC +0, large, see invisible, deformed body, poison resistance, slowness 2,
spit poison 1, naga tail 1
a: Spit Poison, Renounce Religion, Unearth Wretches


You were on level 1 of the Dungeon.
You worshipped Kikubaaqudgha.
Kikubaaqudgha was aware of your devotion.
You visited 1 branch of the dungeon, and saw 1 of its levels.

Inventory:

Armour
 a - a +0 robe (worn)
Scrolls
 c - a scroll of teleportation {unknown}
Potions
 b - a potion of lignification


   Skills:
 - Level 1.0 Fighting
 - Level 1.5 Dodging
 - Level 3.0 Unarmed Combat
 - Level 2.0 Spellcasting
 + Level 2.3 Transmutations
 + Level 1.4 Poison Magic


You had 4 spell levels left.
You knew the following spells:

 Your Spells              Type           Power      Damage    Failure   Level
a - Beastly Appendage     Tmut           14%        N/A       10%         1

Your spell library contained the following spells:

 Spells                   Type           Power      Damage    Failure   Level
 Wereblood                Tmut           7%         N/A       14%         2
 Kiss of Death            Conj/Necr      4%         2d5       26%         1
 Necrotise                Necr           4%         1d4       26%         1
 Cigotuvi's Dreadful Rot  Necr/Pois/Air  4%         N/A       32%         2
 Spider Form              Tmut/Pois      6%         N/A       34%         3
 Sublimation of Blood     Necr           1%         N/A       36%         2
 Vampiric Draining        Necr           1%         2d6       58%         3
 Ice Form                 Ice/Tmut       4%         N/A       83%         4


Dungeon Overview and Level Annotations

Branches:
Dungeon (1/15)

Altars:
Kikubaaqudgha


Innate Abilities, Weirdness & Mutations

Your serpentine skin is tough. (AC +0)
You have supernaturally acute eyesight. (SInv)
Armour fits poorly on your strangely shaped body.
Your system is resistant to poisons. (rPois)
You cover ground very slowly.
You can spit poison.
You have a snake-like lower body.


Message History

You have reached level 2!
A ball python, a goblin, a kobold and 2 endoplasms come into view.
Found a scroll labelled ATHATU MEEN.
Found a stone staircase leading down.
The ball python hisses angrily.
The kobold shouts!
A kobold comes into view. It is wielding a +0 club.
There are monsters nearby!
A kobold comes into view. It is wielding a +3 short sword.
The endoplasm quivers.
The kobold shouts!
The endoplasm quivers.
The kobold completely misses you. The ball python barely misses you.
You see here 8 gold pieces.
The kobold shouts!
You hit the ball python.
The ball python is moderately wounded.
The ball python barely misses you. The kobold closely misses you.
You barely miss the ball python.
The ball python is moderately wounded.
The ball python closely misses you.
The kobold hits you with a +0 short sword.
The endoplasm hits you. The ball python bites you.
You hit the ball python.
You kill the ball python!
Kikubaaqudgha accepts your kill. The endoplasm barely misses you.
The kobold barely misses you. The goblin hits you with a +0 club.
You barely miss the goblin.
The endoplasm hits you but does no damage.
The endoplasm freezes you.
You are frozen.
The kobold hits you with a +0 short sword.
The goblin hits you with a +0 club.
* * * LOW HITPOINT WARNING * * *
You barely miss the goblin. Your punch misses the goblin.
The endoplasm freezes you.
You are frozen.
* * * LOW HITPOINT WARNING * * *
The kobold hits you with a +0 short sword.
You die...
Kikubaaqudgha rasps: "You have failed me!
Welcome... death!"

###########.......)...........
#...............##..###.......
#.......^..^..^.###.# #.......
#.#.#._.#.#.#.# #.# #.......
#.#####.#.#.# #.# #####...
#†....#.#..# ... #...
#)#####P#...# ... ####
..#..P.P#...#.....# #..
###Kg@#..#...# ## ......JKJ..#
# ..?...K....# .....>.....#
........[..# ...........#
......###### ..#.#.


You could see 2 endoplasms, a goblin and 3 kobolds.

Vanquished Creatures
  2 ball pythons (D:1)
  An endoplasm (D:1)
  A goblin (D:1)
  A kobold (D:1)
  A bat (D:1)
  A frilled lizard (D:1)
7 creatures vanquished.

Vanquished Creatures (others)
  A fungus (D:1)
  A plant (D:1)
2 creatures vanquished.

Grand Total: 9 creatures vanquished

Notes
Turn   | Place    | Note
-------+----------+-------------------------------------------
     0 | D:1      | KennySheep the Naga Transmuter began the quest for the Orb.
     0 | D:1      | Reached XP level 1. HP: 18/18 MP: 3/3
    63 | D:1      | Found a faded altar of an unknown god.
    71 | D:1      | Prayed at the altar of an unknown god.
    71 | D:1      | Became a worshipper of Kikubaaqudgha
    71 | D:1      | Reached * piety under Kikubaaqudgha
    71 | D:1      | Received a gift from Kikubaaqudgha
    77 | D:1      | Got Plato's Parchment of Outbursts
    87 | D:1      | Reached skill level 1 in Poison Magic
    94 | D:1      | Reached XP level 2. HP: 22/25 MP: 5/5
   118 | D:1      | Slain by a kobold

Illustrated notes

Levels and vault maps discovered:
D:1:      dpeg_arrival_short_road, layout_basic,
          shapermc_ecumenical_altar_rom_forum

Skill      XL: |  1 |
---------------+----+-----
Poison Magic   | 1 |  1.4
Fighting       | |  1.0
Dodging        | |  1.5
Unarmed Combat | |  3.0
Spellcasting   | |  2.0
Transmutations | |  2.3

Action                   || total
-------------------------++-------
Melee: Unarmed           ||    15
Armor: Robe              ||     2
Dodge: Dodged            ||    11

Table legend: (Time is in decaauts)
 A = Elapsed time spent in this place.
 B = Non-inter-level travel time spent in this place.
 C = Inter-level travel time spent in this place.
 D = Time resting spent in this place.
 E = Time spent auto-exploring this place.
 F = Levels seen in this place.
 G = Mean time per level.
                   A        B        C        D        E       F      G
               +--------+--------+--------+--------+--------+-----+--------+
         Total |    150 |    150 |      0 |      0 |    105 |   1 |  150.0 |
       Dungeon |    150 |    150 |      0 |      0 |    105 |   1 |  150.0 |
               +--------+--------+--------+--------+--------+-----+--------+

Top non-repeatable levels by time:
     D:1: 150 daAuts
